 Dungeon Crawl Stone Soup version bcrawl-1.28.1b (webtiles) character file.

Game seed: 11511954358189300756

301501 Morbidden the Covered (level 7, 0/58 HPs)
             Began as a Hill Orc Archaeologist on Jan 1, 2021.
             Killed from afar by a white imp (5 damage)
             ... with a puff of frost
             ... summoned by Natasha
             ... on level 3 of the Dungeon.
             The game lasted 00:04:04 (2563 turns).

Morbidden the Covered (Hill Orc Archaeologist)      Turns: 2563, Time: 00:04:05

Health: 0/58       AC:  9    Str: 15    XL:     7   Next: 70%
Magic:  8/8        EV: 12    Int: 15    God:
Gold:   116        SH:  0    Dex:  9    Spells: 6/6 levels left

rFire    . . .     SeeInvis .   a - +1 dagger (venom)
rCold    . . .     Gourm    .   (no shield)
rNeg     . . .     Faith    .   h - +0 ring mail
rPois    .         Spirit   .   c - +1 hat
rElec    .         Reflect  .   (no cloak)
rCorr    .         Harm     .   (no gloves)
MR       .....                  d - +1 pair of boots
Stlth    +.........             (no amulet)
HPRegen  0.19/turn              (no ring)
MPRegen  0.11/turn              (no ring)

@: slowed, very slow
A: no striking features
a: no special abilities


You were on level 3 of the Dungeon.
You were not hungry.

You visited 1 branch of the dungeon, and saw 3 of its levels.
You also visited: Sewer.

You collected 116 gold pieces.

Inventory:

Hand Weapons
 a - a +1 dagger of venom (weapon)
 b - a +0 hand crossbow
Missiles
 i - 477 stones (quivered)
 o - 384 bolts
 q - 288 sling bullets
 r - 122 arrows
Armour
 c - a +1 hat (worn)
 d - a +1 pair of boots (worn)
 h - a +0 ring mail (worn)
 k - a +0 chain mail
 x - a +0 pair of gloves
 y - a +1 robe
Wands
 f - a wand of acid (23)
Scrolls
 g - 3 scrolls of magic mapping
 j - 6 scrolls of teleportation {unknown}
 l - a scroll of fog {unknown}
 m - a scroll of fear {unknown}
 n - 3 scrolls of amnesia {unknown}
 w - 2 scrolls of identify
Potions
 p - a potion of flight {unknown}
 s - 2 potions of might {unknown}
 t - a potion of heal wounds {unknown}
 u - a potion of brilliance {unknown}
 v - a potion of cancellation {unknown}
Comestibles
 e - 3 rations {!d}
 z - a chunk of flesh


   Skills:
 * Level 3.9 Fighting
   Level 3.9 Short Blades
   Level 3.9 Long Blades
   Level 3.9 Axes
   Level 3.9 Maces & Flails
   Level 3.9 Polearms
   Level 3.9 Staves
 + Level 0.2 Crossbows
 + Level 1.0 Throwing
 + Level 4.1 Armour
 + Level 4.0 Dodging
 + Level 3.6 Stealth
   Level 3.9 Unarmed Combat
 * Level 2.1 Evocations


You had 6 spell levels left.
You didn't know any spells.
Your spell library was empty.

Dungeon Overview and Level Annotations

Branches:
Dungeon (3/12)

Altars:

Annotations:
D:3 Natasha


Message History

The crimson imp hits you but does no damage.
No path to travel!
No path to travel!
You hit Natasha.
Natasha is severely wounded.
Natasha mumbles some strange words.
The white imp hits you.
* * * LOW HITPOINT WARNING * * *
The white imp freezes you.
* * * LOW HITPOINT WARNING * * *
The crimson imp barely misses you. Natasha misses you.
No path to travel!
No path to travel!
No path to travel!
No path to travel!
You barely miss Natasha.
Natasha is almost dead.
The white imp gestures at you. The puff of frost hits you.
You die...

..........≈≈≈.≈≈≈......
.........≈≈≈≈≈≈≈≈≈......
.........#≈≈≈≈≈≈≈#.##...
...........÷≈≈≈≈........
.##........#..≈#........
#>.............####...
##........÷....# .#.
#.......<.......##5....
#.###.###.#...5@.......
... .... .......5h......
.. ...####.#.##.$.....##
... ........#...##
#.#.##.##.### #.#.#...
.# .# .. .# ..#


You could see an iron imp, Natasha, a crimson imp and a white imp.

Vanquished Creatures
  8 big kobolds (Sewer)
  3 adders (Sewer)
  2 river rats (Sewer)
  4 oozes
  9 worms
  3 dart slugs
  A leopard gecko (D:1)
  3 giant cockroaches
  6 goblins (D:1)
  11 jackals
  17 kobolds
  6 ball pythons
  4 bats
  A frilled lizard (D:2)
  9 rats
87 creatures vanquished.

Notes
Turn   | Place    | Note
-------+----------+-------------------------------------------
     0 | D:1      | Morbidden the Hill Orc Archaeologist began the quest for
                  | the Orb.
     0 | D:1      | Reached XP level 1. HP: 16/16 MP: 1/1
   181 | D:1      | Reached XP level 2. HP: 24/24 MP: 2/2
   341 | D:1      | Reached XP level 3. HP: 29/29 MP: 3/3
  1224 | D:2      | Reached XP level 4. HP: 36/37 MP: 4/4
  1621 | D:3      | Found a glowing drain.
  1713 | Sewer    | Entered a sewer
  1862 | Sewer    | Noticed a big kobold
  1883 | Sewer    | Killed a big kobold
  1884 | Sewer    | Reached skill level 1 in Armour
  1884 | Sewer    | Reached XP level 5. HP: 40/45 MP: 5/5
  1884 | Sewer    | Identified a scroll of acquirement
  2005 | Sewer    | Noticed a big kobold
  2005 | Sewer    | Noticed a big kobold
  2019 | Sewer    | Killed a big kobold
  2020 | Sewer    | Reached XP level 6. HP: 42/51 MP: 6/6
  2032 | Sewer    | Reached skill level 1 in Evocations
  2212 | Sewer    | Reached XP level 7. HP: 57/57 MP: 6/8
  2292 | Sewer    | Reached skill level 1 in Throwing
  2549 | D:3      | Noticed Natasha
  2563 | D:3      | Killed from afar by a white imp

Skill      XL: |  1  2  3  4  5  6  7 |
---------------+----------------------+-----
Stealth        | 3 |  3.6
Fighting       | 2 3 |  3.9
Dodging        | 3 4 |  4.0
Armour         | 1 2 3 4 |  4.1
Evocations     | 1 2 |  2.1
Throwing       | 1 |  1.0
Short Blades   | |  3.9
Long Blades    | |  3.9
Axes           | |  3.9
Maces & Flails | |  3.9
Polearms       | |  3.9
Staves         | |  3.9
Crossbows      | |  0.2
Unarmed Combat | |  3.9

Action                   |  1- 3 |  4- 6 |  7- 9 || total
-------------------------+-------+-------+-------++-------
Melee: Whip              |    12 |       |       ||    12
       Dagger            |    98 |   172 |    80 ||   350
       Punch             |     1 |     1 |     3 ||     5
 Fire: Hand crossbow     |       |     6 |     1 ||     7
Throw: Stone             |     8 |       |       ||     8
  Use: Scroll            |       |     1 |       ||     1
 Stab: Sleeping          |     3 |     1 |       ||     4
  Eat: Chunk             |     3 |     8 |     3 ||    14
Armor: Robe              |     3 |       |       ||     3
       Ring mail         |    41 |    58 |    25 ||   124
Dodge: Dodged            |    49 |    85 |    42 ||   176
